 Dungeon Crawl Stone Soup version 0.13-a0-2450-ga447c6a (webtiles) character file.

242 Rycklaryybbe the Covert (level 4, 0/32 HPs)
             Began as a Vampire Assassin on July 17, 2013.
             Rotted away (potion of mutation)
             ... on Level 3 of the Dungeon.
             The game lasted 00:06:41 (3410 turns).

Rycklaryybbe the Covert (Vampire Assassin)          Turns: 3410, Time: 00:06:41

HP   0/32        AC  3     Str 10      XL: 4   Next: 55%
MP   4/4         EV 12     Int 13      God:
Gold 136         SH  0     Dex 15 (16) Spells:  0 memorised,  3 levels left

Res.Fire  : . . .   See Invis. : +   a - +2 dagger {=f}
Res.Cold  : . . .   Warding    : .   c - +0 robe
Life Prot.: . . .   Conserve   : .   (no shield)
Res.Poison: .       Res.Corr.  : .   (no helmet)
Res.Elec. : .       Clarity    : +   d - +0 cloak
Sust.Abil.: . .     Spirit.Shd : .   (no gloves)
Res.Mut.  : .       Stasis     : .   (no boots)
Res.Rott. : .       Flight     : .   n - amulet of clarity {unknown}
Saprovore : . . .                    (no ring)
                                     (no ring)

@: regenerating quickly, slightly resistant to hostile enchantments, very
stealthy
A: fangs 3, see invisible, berserk 1, unbreathing
a: no special abilities


You were on level 3 of the Dungeon.
You were full.

You visited 1 branch of the dungeon, and saw 3 of its levels.

You collected 86 gold pieces.

Inventory:

Hand weapons
 a - a +2,+2 dagger (weapon) {=f}
 b - a +0 blowgun
 r - a +5,+1 dagger (quivered)
Missiles
 e - 7 poisoned needles
 f - 2 curare-tipped needles
Armour
 c - a +0 robe (worn)
 d - a +0 cloak (worn)
 h - a +0 robe
 l - a +2 elven leather armour
Scrolls
 g - a scroll of curse weapon {unknown}
 i - 2 scrolls of teleportation {unknown}
 j - 5 scrolls of identify {unknown}
 k - 2 scrolls of noise {unknown}
 m - a scroll of enchant weapon II {unknown}
Jewellery
 n - an amulet of clarity (around neck) {unknown}
 t - an uncursed ring of protection from fire {unknown}
Potions
 o - a potion of mutation {unknown}
 p - a potion of brilliance {unknown}
 q - a potion of magic {unknown}
 s - a potion of flight {unknown}
 u - a potion of heal wounds {unknown}
 v - a potion of invisibility {unknown}


   Skills:
 - Level 1.7 Fighting
 - Level 2.1 Short Blades
 - Level 1.5 Throwing
 - Level 1.1 Dodging
 + Level 9.1 Stealth


You had 3 spell levels left.
You didn't know any spells.

Dungeon Overview and Level Annotations

Branches:
Dungeon (3/27)

Altars:

Annotations
D:3 Grinder


Innate Abilities, Weirdness & Mutations

Your natural rate of healing is unusually fast.
You have razor-sharp teeth.*
You have supernaturally acute eyesight.
You can survive without breathing.*
You tend to lose your temper in combat.+


Message History

Grinder closely misses you.
You hit Grinder.
Grinder is lightly wounded.
Grinder hits you but does no damage.
You barely miss Grinder.
Grinder is lightly wounded.
Grinder hits you!
* * * LOW HITPOINT WARNING * * *
You writhe in agony.
* * * LOW HITPOINT WARNING * * *
You hit Grinder but do no damage.
Grinder is lightly wounded.
Grinder gestures.
Grinder blinks!
Drink which item? (? for menu, Esc to quit)
You feel extremely strange.
You feel a little pissed off.
Your body decomposes!
You feel clumsy.
Your body decomposes!
You die...

### ####### #..
....... #.#
#####..# #.#
#....... #.#
#.##.... #.#
#..... #.#
#..... #@#
###.#..... #.#
#.b....... #5#
#.#.......
######.#######
####.)..
#.............w
#.#.#
#.####.#######
#.#.# #.# #.#
#.#.# #.# #.#
#.... #.# #.#
#.#.#


You could see Grinder.

Vanquished Creatures
  4 adders
  A worm (D:2)
  4 giant geckos (D:2)
  An ooze (D:2)
  2 orcs (D:3)
  2 ball pythons
  4 bats
  4 giant cockroaches
  4 goblins
  11 hobgoblins
  7 kobolds
  A quokka (D:2)
  3 giant newts
  14 rats
62 creatures vanquished.

Vanquished Creatures (others)
  A jackal (D:2)
  A kobold (D:2)
2 creatures vanquished.

Grand Total: 64 creatures vanquished

Notes
Turn   | Place    | Note
--------------------------------------------------------------
     0 | D:1      | Rycklaryybbe, the Vampire Assassin, began the quest for the Orb.
     0 | D:1      | Reached XP level 1. HP: 15/15 MP: 1/1
     8 | D:1      | Reached skill level 6 in Stealth
   200 | D:1      | Reached XP level 2. HP: 19/21 MP: 2/2
   262 | D:1      | Reached skill level 7 in Stealth
   404 | D:1      | Reached XP level 3. HP: 12/26 MP: 3/3
  1562 | D:2      | Reached skill level 8 in Stealth
  1759 | D:2      | Reached XP level 4. HP: 14/32 MP: 4/4
  2867 | D:2      | Reached skill level 9 in Stealth
  3192 | D:3      | Noticed Grinder
  3194 | D:3      | Paralysed by Grinder for 6 turns
  3223 | D:3      | Paralysed by Grinder for 2 turns
  3229 | D:3      | Paralysed by Grinder for 2 turns
  3410 | D:3      | Gained mutation: You tend to lose your temper in combat. [potion of mutation]
  3410 | D:3      | Rotted away (potion of mutation)

Action                   |  1- 3 |  4- 6 || total
-------------------------+-------+-------++-------
Melee: Dagger            |   123 |    75 ||   198
 Fire: Blowgun           |       |     5 ||     5
 Abil: End Transformatio |     1 |       ||     1
       Bat Form          |     1 |       ||     1
 Stab: Sleeping          |    11 |     6 ||    17
